BSA
SPRINGFIELD STARS @ AUSTIN RIVER SHARKS
02/25/2030
 
TOP OF THE 1ST
Springfield Stars batting - Pitching for Austin River Sharks : RHP António Rijo
Pitching: RHP António Rijo
Batting: RHB Norberto Taváres 0-0: Called Strike
0-1: Called Strike
0-2: Ball
1-2: Foul Ball, location: 2F
1-2: Ground out 6-3 (Groundball, 6)
Batting: LHB Jesús Tobías 0-0: Called Strike
0-1: Fly out, F8 (Flyball, 8RM)
Batting: LHB Derek Davidson 0-0: Foul Ball, location: 2F
0-1: Ball
1-1: Swinging Strike
1-2: Ball
2-2: Ball
3-2: SOLO HOME RUN (Flyball, 9LD), Distance : 351 ft
Batting: LHB Felipe Guerrero 0-0: Called Strike
0-1: Called Strike
0-2: Strikes out looking
Top of the 1st over - 1 run, 1 hit, 0 errors, 0 left on base; Springfield 1 - Austin 0
BOTTOM OF THE 1ST
Austin River Sharks batting - Pitching for Springfield Stars : LHP José López
Pitching: LHP José López
Batting: LHB Enrico Vargas 0-0: Foul Ball, location: 2F
0-1: Ball
1-1: Ball
2-1: SINGLE (Line Drive, 4D)
Batting: RHB Richard Coker 0-0: Called Strike
0-1: Ball
1-1: SINGLE (Line Drive, 8LS)
Enrico Vargas to second
Batting: LHB Greg Nelson 0-0: Ball
1-0: Ball
Balk!
Enrico Vargas to third
Richard Coker to second
2-0: Swinging Strike
2-1: DOUBLE (Flyball, 8LXD)
Enrico Vargas scores
Richard Coker scores
Batting: RHB Edward Young 0-0: Called Strike
0-1: Ball
1-1: Ground out 5-3 (Groundball, 56S)
Greg Nelson to third
Batting: LHB Fred Abrams 0-0: Called Strike
0-1: Ball
1-1: Ball
2-1: Called Strike
2-2: Foul Ball, location: 2F
2-2: Ball
3-2: Strikes out looking
Batting: RHB Tony Cruz 0-0: Ball
1-0: Ball
2-0: Ball
3-0: Called Strike
3-1: Called Strike
3-2: Ground out 3-1 (Groundball, 3S)
Bottom of the 1st over - 2 runs, 3 hits, 0 errors, 1 left on base; Springfield 1 - Austin 2
TOP OF THE 2ND
Springfield Stars batting - Pitching for Austin River Sharks : RHP António Rijo
Batting: LHB Elliott Newell 0-0: Ball
1-0: Ball
2-0: Ball
3-0: Base on Balls
Batting: RHB Juan Carlos Rodríguez 0-0: Fly out, F7 (Flyball, 78S)
Batting: SHB António De La Cruz 0-0: Ball
1-0: Foul Ball, location: 2F
1-1: SINGLE (Line Drive, 6MD)
Elliott Newell to second
Batting: LHB Mike Pearson 0-0: Called Strike
0-1: Swinging Strike
0-2: Strikes out swinging
Batting: RHB Calvin Bennett 0-0: Swinging Strike
0-1: Swinging Strike
0-2: Strikes out swinging
Top of the 2nd over - 0 runs, 1 hit, 0 errors, 2 left on base; Springfield 1 - Austin 2
BOTTOM OF THE 2ND
Austin River Sharks batting - Pitching for Springfield Stars : LHP José López
Batting: RHB Jesús Hernández 0-0: Ball
1-0: Ball
2-0: Ball
3-0: Base on Balls
Batting: LHB José Lińares 0-0: Ball
1-0: Ball
2-0: Called Strike
2-1: Ground out 4-3 (Groundball, 4S)
Jesús Hernández to second
Batting: RHB Andy Aiton 0-0: Foul Ball, location: 2F
0-1: Swinging Strike
0-2: Ball
1-2: Ball
2-2: Foul Ball, location: 2F
2-2: Strikes out swinging
Batting: LHB Enrico Vargas 0-0: Ball
1-0: Ground out 4-3 (Groundball, 4)
Bottom of the 2nd over - 0 runs, 0 hits, 0 errors, 1 left on base; Springfield 1 - Austin 2
TOP OF THE 3RD
Springfield Stars batting - Pitching for Austin River Sharks : RHP António Rijo
Batting: RHB Norberto Taváres 0-0: Foul Ball, location: 2F
0-1: Ball
1-1: Ball
2-1: Foul Ball, location: 2F
2-2: SINGLE (Groundball, 6MD)
Batting: LHB Jesús Tobías 0-0: Ball
1-0: Swinging Strike
1-1: Ball
2-1: Fly out, F9 (Flyball, 9)
Batting: LHB Derek Davidson 0-0: Called Strike
0-1: Called Strike
0-2: Ball
1-2: Foul Ball, location: 2F
1-2: Ball
2-2: SINGLE (Flyball, 8RS)
Norberto Taváres to second
Batting: LHB Felipe Guerrero 0-0: Called Strike
0-1: Called Strike
Norberto Taváres steals 3rd base
Derek Davidson to second
0-2: Ball
1-2: Ball
2-2: Ball
3-2: Foul Ball, location: 2F
3-2: Foul Ball, location: 2F
3-2: Fly out, F7 (Flyball, 7S)
Batting: LHB Elliott Newell 0-0: Foul Ball, location: 2F
0-1: Fly out, F4 (Line Drive, 4)
Top of the 3rd over - 0 runs, 2 hits, 0 errors, 2 left on base; Springfield 1 - Austin 2
BOTTOM OF THE 3RD
Austin River Sharks batting - Pitching for Springfield Stars : LHP José López
Batting: RHB Richard Coker 0-0: Foul Ball, location: 2F
0-1: Foul Ball, location: 2F
0-2: Ball
1-2: Ball
2-2: Ball
3-2: Fly out, F8 (Flyball, 8RS)
Batting: LHB Greg Nelson 0-0: Swinging Strike
0-1: Ball
1-1: Called Strike
1-2: Fly out, F8 (Flyball, 78M)
Batting: RHB Edward Young 0-0: Foul Ball, location: 2F
0-1: Ball
1-1: Ground out 5-3 (Groundball, 2L)
Bottom of the 3rd over - 0 runs, 0 hits, 0 errors, 0 left on base; Springfield 1 - Austin 2
TOP OF THE 4TH
Springfield Stars batting - Pitching for Austin River Sharks : RHP António Rijo
Batting: RHB Juan Carlos Rodríguez 0-0: Ball
1-0: Ball
2-0: Swinging Strike
2-1: Ground out 6-3 (Groundball, 6)
Batting: SHB António De La Cruz 0-0: Foul Ball, location: 2F
0-1: Foul Ball, location: 2F
0-2: DOUBLE (Flyball, 8RXD)
Batting: LHB Mike Pearson 0-0: Fly out, F8 (Flyball, 78D)
Batting: RHB Calvin Bennett 0-0: Ball
1-0: Called Strike
1-1: Ground out 5-3 (Groundball, 56)
Top of the 4th over - 0 runs, 1 hit, 0 errors, 1 left on base; Springfield 1 - Austin 2
BOTTOM OF THE 4TH
Austin River Sharks batting - Pitching for Springfield Stars : LHP José López
Batting: LHB Fred Abrams 0-0: Called Strike
0-1: Ball
1-1: Foul Ball, location: 2F
1-2: Foul Ball, location: 2F
1-2: Ball
2-2: Fly out, F8 (Line Drive, 8RD)
Batting: RHB Tony Cruz 0-0: Ball
1-0: Ball
2-0: Called Strike
2-1: Foul Ball, location: 2F
2-2: Foul Ball, location: 2F
2-2: SINGLE (Line Drive, 3L)
Batting: RHB Jesús Hernández 0-0: Ground out 6-3 (Groundball, 6MS)
Tony Cruz to second
Batting: LHB José Lińares 0-0: Ball
1-0: Ball
2-0: Foul Ball, location: 2F
2-1: Ball
3-1: SINGLE (Groundball, 4MD)
Tony Cruz to third
Runner from 3rd tries for Home, SAFE, no throw
Batting: RHB Andy Aiton 0-0: Ball
José Lińares is caught stealing 2nd base
Bottom of the 4th over - 1 run, 2 hits, 0 errors, 0 left on base; Springfield 1 - Austin 3
TOP OF THE 5TH
Springfield Stars batting - Pitching for Austin River Sharks : RHP António Rijo
Pitching: RHP Sloan Numbers
Batting: RHB Norberto Taváres 0-0: Ball
1-0: Foul Ball, location: 2F
1-1: Called Strike
1-2: Foul Ball, location: 2F
1-2: Ball
2-2: Ball
3-2: DOUBLE (Line Drive, 89D)
Batting: LHB Jesús Tobías 0-0: Ball
1-0: Fly out, F9 (Flyball, 9D)
Runner from 2nd tags up, SAFE at 3rd, no throw
Batting: LHB Derek Davidson 0-0: Ball
1-0: Ball
2-0: Called Strike
2-1: Foul Ball, location: 2F
2-2: Ball
3-2: Base on Balls
Batting: LHB Felipe Guerrero 0-0: Ball
1-0: Ball
2-0: Fielders Choice at 2nd, 4-6 (Groundball, 34D)
Norberto Taváres scores
Batting: LHB Elliott Newell 0-0: Ball
1-0: Fly out, F8 (Line Drive, 8LM)
Top of the 5th over - 1 run, 1 hit, 0 errors, 1 left on base; Springfield 2 - Austin 3
BOTTOM OF THE 5TH
Austin River Sharks batting - Pitching for Springfield Stars : LHP José López
Pitching: LHP Bezzi Kisito
Batting: RHB Andy Aiton 0-0: Ball
1-0: Ball
2-0: Ball
3-0: Called Strike
3-1: Base on Balls
Batting: LHB Enrico Vargas 0-0: Ball
1-0: SINGLE (Groundball, 6MD)
Andy Aiton to second
Runner from 2nd tries for 3rd, SAFE, no throw
Batting: RHB Richard Coker 0-0: Foul Ball, location: 2F
0-1: Ball
1-1: Ball
2-1: Ball
Wild Pitch!
Andy Aiton scores
Enrico Vargas to second
3-1: Intentional Walk
Batting: LHB Greg Nelson 0-0: Ball
1-0: Called Strike
1-1: Called Strike
1-2: Ball
2-2: Ball
3-2: Foul Ball, location: 2F
3-2: Base on Balls
Enrico Vargas to third
Richard Coker to second
Batting: RHB Edward Young 0-0: Grounds into double play, 6-4-3 (Groundball, 6)
Enrico Vargas scores
Richard Coker to third
Batting: LHB Fred Abrams 0-0: Swinging Strike
0-1: Fly out, F8 (Line Drive, 8RD)
Bottom of the 5th over - 2 runs, 1 hit, 0 errors, 1 left on base; Springfield 2 - Austin 5
TOP OF THE 6TH
Springfield Stars batting - Pitching for Austin River Sharks : RHP Sloan Numbers
Batting: RHB Juan Carlos Rodríguez 0-0: Ball
1-0: SINGLE (Groundball, 56D)
Batting: SHB António De La Cruz 0-0: Foul Ball, location: 2F
0-1: Foul Ball, location: 2F
0-2: Ball
1-2: Fielders Choice at 2nd, 6-4 (Groundball, 6)
Batting: LHB Mike Pearson 0-0: Called Strike
0-1: Ball
1-1: Fly out, F7 (Flyball, 7S)
Batting: RHB Calvin Bennett 0-0: Ball
1-0: Swinging Strike
1-1: Ball
2-1: Ball
António De La Cruz steals 2nd base
3-1: Called Strike
3-2: Foul Ball, location: 2F
3-2: Foul Ball, location: 2F
3-2: Fly out, F4 (Popup, 4D)
Top of the 6th over - 0 runs, 1 hit, 0 errors, 1 left on base; Springfield 2 - Austin 5
BOTTOM OF THE 6TH
Austin River Sharks batting - Pitching for Springfield Stars : LHP Bezzi Kisito
Batting: RHB Tony Cruz 0-0: Called Strike
0-1: Foul Ball, location: 2F
0-2: Ball
1-2: Ball
2-2: Ball
3-2: Foul Ball, location: 2F
3-2: Foul Ball, location: 2F
3-2: SOLO HOME RUN (Flyball, 7LD), Distance : 356 ft
Pitching: LHP Brock Morris
Batting: RHB Jesús Hernández 0-0: Fly out, F7 (Flyball, 7LS)
Batting: LHB José Lińares 0-0: Ball
1-0: SINGLE (Groundball, 56D)
Batting: RHB Andy Aiton 0-0: Ball
1-0: Fielders Choice at 2nd, 6-4 (Groundball, 6)
Pinch Hitting: RHB Tom Rowe 0-0: Fly out, F8 (Flyball, 8RM)
Bottom of the 6th over - 1 run, 2 hits, 0 errors, 1 left on base; Springfield 2 - Austin 6
TOP OF THE 7TH
Springfield Stars batting - Pitching for Austin River Sharks : RHP Sloan Numbers
Now in CF: Luis Suárez
Pinch Hitting: LHB Will Hill 0-0: Called Strike
0-1: Foul Ball, location: 2F
0-2: Ball
1-2: Ground out 4-3 (Groundball, 4)
Pinch Hitting: LHB Al Miller 0-0: Called Strike
0-1: Ball
1-1: Ball
2-1: Ball
3-1: Called Strike
3-2: Base on Balls
Pinch Hitting: RHB Rusty Bennett 0-0: Ball
1-0: Ground out 3-1 (Groundball, 34S)
Al Miller to second
Batting: RHB Stan Taylor 0-0: Ball
1-0: Called Strike
1-1: SINGLE (Groundball, 56D)
Al Miller to third
Runner from 3rd tries for Home, SAFE, no throw
Pitching: LHP Manuel Gil
Pinch Hitting: RHB Gabriel Erwin 0-0: Ball
1-0: SINGLE (Line Drive, 6D)
Stan Taylor to second
Runner from 2nd tries for 3rd, SAFE, no throw
Pitching: RHP Edward Cadle
Pinch Hitting: RHB Dave Henderson 0-0: Ball
1-0: Ball
2-0: Foul Ball, location: 2F
2-1: Called Strike
2-2: Foul Ball, location: 2F
2-2: Foul Ball, location: 2F
2-2: Ground out 4-3 (Groundball, 4)
Top of the 7th over - 1 run, 2 hits, 0 errors, 2 left on base; Springfield 3 - Austin 6
BOTTOM OF THE 7TH
Austin River Sharks batting - Pitching for Springfield Stars : LHP Brock Morris
Now at 1B: Dave Henderson
Now at 3B: Al Miller
Now at SS: Rusty Bennett
Now in LF: Gabriel Erwin
Now in RF: Will Hill
Pinch Hitting: RHB Todd Bryant 0-0: Swinging Strike
0-1: Ball
1-1: Foul Ball, location: 2F
1-2: Foul Ball, location: 2F
1-2: Strikes out swinging
Batting: RHB Mario Sánchez 0-0: Called Strike
0-1: Foul Ball, location: 2F
0-2: Strikes out swinging
Pinch Hitting: RHB Luis Ibarra 0-0: Foul Ball, location: 2F
0-1: Ball
1-1: Called Strike
1-2: Ground out 4-3 (Groundball, 4)
Bottom of the 7th over - 0 runs, 0 hits, 0 errors, 0 left on base; Springfield 3 - Austin 6
TOP OF THE 8TH
Springfield Stars batting - Pitching for Austin River Sharks : RHP Edward Cadle
Now at 3B: Johnny Hawson
Now in RF: Luis Ibarra
Batting: SHB António De La Cruz 0-0: Ball
1-0: Foul Ball, location: 2F
1-1: Ball
2-1: Ball
3-1: Base on Balls
Pitching: LHP Dave Watkins
Pinch Hitting: RHB José López 0-0: Reached on error, E1 (Groundball, P)
António De La Cruz to second
Pinch Hitting: RHB Juan Morales 0-0: Ball
1-0: Foul Ball, location: 2F
1-1: Foul Ball, location: 2F
1-2: Grounds into double play, 4-6-3 (Groundball, 4)
António De La Cruz to third
Batting: LHB Will Hill 0-0: Ball
1-0: Ball
2-0: Called Strike
2-1: Ball
3-1: Base on Balls
Batting: LHB Al Miller 0-0: Ball
1-0: Ball
2-0: Called Strike
2-1: Ball
3-1: Fly out, F6 (Line Drive, 6M)
Top of the 8th over - 0 runs, 0 hits, 1 error, 2 left on base; Springfield 3 - Austin 6
BOTTOM OF THE 8TH
Austin River Sharks batting - Pitching for Springfield Stars : LHP Brock Morris
Now at 2B: José López
Now in LF: Juan Morales
Pinch Hitting: LHB Edgar López 0-0: Called Strike
0-1: SINGLE (Groundball, 13S) (infield hit)
Pinch Hitting: SHB Ramiro Medrano 0-0: Swinging Strike
0-1: Ball
1-1: Ground out U3 (Groundball, 3)
Edgar López to second
Batting: RHB Jesús Hernández 0-0: Intentional Walk
Pinch Hitting: RHB César Rodríguez 0-0: Fielders Choice at 2nd, 6-4 (Groundball, 6)
Edgar López to third
Pinch Hitting: RHB Jorge Balencia 0-0: Ball
1-0: Called Strike
1-1: Ball
2-1: Foul Ball, location: 2F
2-2: Fly out, F8 (Flyball, 8RS)
Bottom of the 8th over - 0 runs, 1 hit, 0 errors, 2 left on base; Springfield 3 - Austin 6
TOP OF THE 9TH
Springfield Stars batting - Pitching for Austin River Sharks : LHP Dave Watkins
Pitching: RHP Paco Gutiérrez
Now at 1B: Bo Rush
Now at 2B: Edgar López
Now at SS: Jorge Balencia
Now in LF: César Rodríguez
Batting: RHB Rusty Bennett 0-0: Called Strike
0-1: Swinging Strike
0-2: Ball
1-2: Strikes out looking
Batting: RHB Stan Taylor 0-0: Ball
1-0: Ball
2-0: Called Strike
2-1: Foul Ball, location: 2F
2-2: SINGLE (Groundball, 4MD)
Batting: RHB Gabriel Erwin 0-0: Ball
1-0: Ball
2-0: Foul Ball, location: 2F
2-1: Called Strike
2-2: Ground out 3-1 (Groundball, 34S)
Stan Taylor to second
Batting: RHB Dave Henderson 0-0: Ball
1-0: Ball
2-0: Ball
3-0: Foul Ball, location: 2F
3-1: Foul Ball, location: 2F
3-2: Strikes out swinging
Top of the 9th over - 0 runs, 1 hit, 0 errors, 1 left on base; Springfield 3 - Austin 6
Saturday, April 7th, 2018 - OOTP Baseball 18.8 Build 76